 Dungeon Crawl Stone Soup version 0.15.0-12-gccce430 (webtiles) character file.

5318 ANDROIDp the Fighter (level 10, -8/79 (88) HPs)
             Began as a Centaur Fighter on Sept 2, 2014.
             Was a Plaything of Xom.
             Mangled by a wandering mushroom (17 damage)
             ... on Level 8 of the Dungeon.
             The game lasted 00:27:38 (7738 turns).

ANDROIDp the Fighter (Centaur Fighter)              Turns: 7738, Time: 00:27:39

HP  -8/79 (88)   AC  3     Str 21      XL: 10   Next: 38%
MP   7/7         EV  7     Int  7      God: Xom
Gold 423         SH 10     Dex 10      Spells:  0 memorised,  9 levels left

rFire  + + .     SeeInvis .     t - +1 war axe (chop)
rCold  x x .     Clarity  .     G - +3 scale mail {rPois} (curse)
rNeg   . . .     rCorr    .     c - +0 shield
rPois  +         rRot     .     x - +0 helmet
rElec  .         Spirit   .     (no cloak)
SustAb .         Warding  .     h - +0 pair of gloves
rMut   .         Stasis   .     (no barding)
Gourm  .                        g - amulet of faith
MR     .....                    l - +1 ring of evasion
                                v - ring of poison resistance

@: immune to fire clouds, corroded equipment, very quick, not resistant to
hostile enchantments, extremely unstealthy
A: hooves 3, deformed body, speed 2, tough skin 3
a: Renounce Religion


You were on level 8 of the Dungeon.
You worshipped Xom.
You were a favourite toy of Xom.
You were not hungry.

You visited 1 branch of the dungeon, and saw 8 of its levels.

You collected 423 gold pieces.

Inventory:

Hand weapons
 a - a +0 war axe
 t - a +1 war axe of chopping (weapon)
 J - a +3 battleaxe
Armour
 c - a +0 shield (worn)
 h - a +0 pair of gloves (worn)
 x - a +0 helmet (worn)
 y - a +0 chain mail
 G - a cursed +3 scale mail of poison resistance (worn)
Magical devices
 e - a wand of confusion (23)
 j - a wand of random effects (16) {unknown}
 k - a wand of magic darts (7)
 o - a wand of slowing (7)
 K - a wand of random effects (8) {unknown}
 P - a wand of fire (10) {unknown}
Comestibles
 d - 7 bread rations
 m - a beef jerky
 p - 3 slices of pizza
 s - 7 meat rations
 L - 5 chunks of ogre flesh
 O - a chunk of kobold flesh
 S - 4 fruits
Scrolls
 b - 2 scrolls of teleportation
 f - 5 scrolls of blinking
 q - 2 scrolls of enchant armour {unknown}
 r - 3 scrolls of remove curse
 z - a scroll of fear {unknown}
 A - a scroll of silence {unknown}
 B - a scroll of random uselessness {unknown}
 E - a scroll of fog
 F - a scroll of enchant weapon {unknown}
 H - a scroll of noise {unknown}
 I - a scroll of recharging
 R - a scroll of identify
Jewellery
 g - an amulet of faith (around neck)
 l - a +1 ring of evasion (right hand)
 v - a ring of poison resistance (left hand)
Potions
 i - a potion of cancellation
 n - 3 potions of agility
 u - a potion of resistance
 w - 3 potions of curing
 M - a potion of magic
 N - a potion of berserk rage {unknown}
 Q - a potion of porridge
Books
 C - a book of Maledictions

   Spells                             Type                      Level
   Corona                             Hexes                        1
   Sure Blade                         Hexes/Charms                 2
   Ensorcelled Hibernation            Hexes/Ice                    2
   Confuse                            Hexes                        3
   Dazzling Spray                     Conjuration/Hexes            3
   Enslavement                        Hexes                        4
 D - a book of Dreams

   Spells                             Type                      Level
   Ensorcelled Hibernation            Hexes/Ice                    2
   Flight                             Charms/Air                   3
   Phase Shift                        Translocation                5
   Shadow Creatures                   Summoning                    5
   Mass Confusion                     Hexes                        6
   Darkness                           Hexes                        7


   Skills:
 + Level 8.2 Fighting
 + Level 7.5 Axes
 + Level 6.2 Armour
 + Level 6.3 Shields


You had 9 spell levels left.
You didn't know any spells.

Dungeon Overview and Level Annotations

Branches:
Dungeon (8/15)             Temple (0/1) D:7
   Lair: D:8-11

Altars:
Cheibriados
Elyvilon
Fedhas
Kikubaaqudgha
Makhleb
Nemelex Xobeh
Qazlal
Sif Muna
Vehumet
Xom
Zin

Shops:
D:5 :

Annotations:
D:8 exclusion: 2 oklob saplings


Innate Abilities, Weirdness & Mutations

You have hooves in place of feet.
Armour fits poorly on your strangely shaped body.
You cover ground very quickly.
You have extremely tough skin (AC +3).
You are immune to clouds of flame.


Message History

* * * LOW HITPOINT WARNING * * *
The acid corrodes your equipment!
The acid burns!
* * * LOW HITPOINT WARNING * * *
The wandering mushroom barely misses you.
You block the wandering mushroom's attack.
You hit the oklob sapling.
The oklob sapling is moderately damaged.
You hit the wandering mushroom. You kick the wandering mushroom.
The wandering mushroom is moderately damaged.
You hit the wandering mushroom but do no damage.
The wandering mushroom is heavily damaged.
Xom's power flows through you! The air around you leaps into flame!
Your quasit is engulfed in roaring flames.
Your quasit bites the wandering mushroom but does no damage.
Your quasit claws the wandering mushroom but does no damage. x2
The wandering mushroom is engulfed in roaring flames.
The wandering mushroom releases spores at you!
You die...
Xom chuckles heartily!

.......#....
### #.#.
.#####...#.#
#..
.#####.#...#
#.. .....=...#
.#####.#.. .#
♣♣♣♣♣ .# ♣♣%.P♣
## ♣§5f♣♣
♣f@§.♣ ♣P♣♣.♣♣
# ♣♣ ♣♣.♣♣ #
♣♣♣♣.♣.♣
#####.#
♣♣...♣.♣♣
......#
♣.♣♣♣♣♣♣
#######
♣♣....♣♣ #
♣♣♣♣♣.♣##.# #
#.###.#.......#


You could see 2 wandering mushrooms, 2 oklob saplings and a friendly quasit.

Vanquished Creatures
  Grinder (D:5)
  Prince Ribbit (D:5)
  2 wandering mushrooms (D:8)
  A wyvern (D:8)
  2 sky beasts (D:6)
  2 ice beasts
  2 black bears (D:8)
  8 necrophages (D:7)
  A phantom (D:6)
  4 ogres
  2 centaurs (D:7)
  Duvessa (D:6)
  2 big kobolds
  Blork the orc (D:5)
  8 scorpions
  5 giant frogs
  4 killer bees (D:7)
  A yak zombie (D:7)
  A yak skeleton (D:8)
  7 wights (D:7)
  2 crimson imps (D:5)
  2 orc priests (D:3)
  A giant frog zombie (D:7)
  Dowan (D:6)
  A jelly (D:6)
  3 hounds
  A yellow wasp zombie (D:7)
  Crazy Yiuf (D:3)
  A giant frog skeleton (D:6)
  An iguana (D:4)
  2 orc wizards
  6 worker ants
  An ogre zombie (D:8)
  A big kobold zombie (D:7)
  Jessica (D:3)
  A hound zombie (D:5)
  A mummy (D:7)
  A gnoll zombie (D:8)
  10 adders
  8 gnolls
  4 shadow imps
  2 giant mites (D:7)
  A goliath beetle zombie (D:5)
  An adder zombie (D:7)
  4 giant geckos
  4 oozes
  17 orcs
  A bat skeleton (D:5)
  9 giant cockroaches
  12 goblins
  8 hobgoblins
  8 jackals
  17 kobolds
  2 quokkas
  3 ball pythons
  22 bats
  3 giant newts
  A giant spore (D:7)
  2 kobold skeletons
  3 kobold zombies (D:7)
  16 rats
  17 ballistomycetes
  2 fungi (D:7)
  A plant (D:7)
262 creatures vanquished.

Vanquished Creatures (collateral kills)
  A scorpion (D:7)
1 creature vanquished.

Vanquished Creatures (others)
  2 killer bees (D:7)
  A bat (D:6)
  5 giant spores
8 creatures vanquished.

Grand Total: 271 creatures vanquished

Notes
Turn   | Place    | Note
--------------------------------------------------------------
     0 | D:1      | ANDROIDp, the Centaur Fighter, began the quest for the Orb.
     0 | D:1      | Reached XP level 1. HP: 19/19 MP: 1/1
   194 | D:1      | Reached XP level 2. HP: 26/26 MP: 2/2
   687 | D:2      | Reached XP level 3. HP: 27/31 MP: 3/3
  1139 | D:2      | Reached XP level 4. HP: 15/38 MP: 3/3
  1502 | D:3      | Found a blossoming altar of Fedhas.
  1504 | D:3      | Noticed Jessica
  1513 | D:3      | Killed Jessica
  1680 | D:3      | Noticed Crazy Yiuf
  1686 | D:3      | Killed Crazy Yiuf
  1726 | D:3      | Reached XP level 5. HP: 39/45 MP: 4/4
  1981 | D:3      | Found a white marble altar of Elyvilon.
  1981 | D:3      | Found a snail-covered altar of Cheibriados.
  2197 | D:4      | Noticed an ogre
  2199 | D:4      | Killed an ogre
  2199 | D:4      | Reached skill level 4 in Fighting
  2199 | D:4      | Reached XP level 6. HP: 52/52 MP: 5/5
  2229 | D:4      | Found a radiant altar of Vehumet.
  2588 | D:4      | Found a sparkling altar of Nemelex Xobeh.
  2940 | D:5      | Entered Level 5 of the Dungeon
  2948 | D:5      | Found an ancient bone altar of Kikubaaqudgha.
  3003 | D:5      | Found a deep blue altar of Sif Muna.
  3069 | D:5      | Reached XP level 7. HP: 45/60 MP: 5/5
  3286 | D:5      | Noticed Prince Ribbit
  3289 | D:5      | Noticed Blork the orc
  3548 | D:5      | Killed Blork the orc
  3856 | D:5      | Killed Prince Ribbit
  3856 | D:5      | Reached skill level 5 in Fighting
  3902 | D:5      | Found a burning altar of Makhleb.
  3984 | D:5      | Noticed Grinder
  4001 | D:5      | Killed Grinder
  4001 | D:5      | Reached skill level 5 in Axes
  4001 | D:5      | Reached XP level 8. HP: 33/69 MP: 6/6
  4385 | D:5      | Found Huugut's Book Boutique.
  4863 | D:6      | Reached skill level 6 in Fighting
  4864 | D:6      | Noticed Dowan
  4865 | D:6      | Noticed Duvessa
  4878 | D:6      | Killed Dowan
  4887 | D:6      | Killed Duvessa
  5492 | D:6      | Reached skill level 5 in Armour
  5492 | D:6      | Reached XP level 9. HP: 78/78 MP: 7/7
  5596 | D:6      | Found a stormy altar of Qazlal.
  5992 | D:7      | Reached skill level 5 in Shields
  6067 | D:7      | Reached skill level 7 in Fighting
  6068 | D:7      | Found a shimmering altar of Xom.
  6095 | D:7      | Became a worshipper of Xom of Chaos
  6201 | D:7      | Found a staircase to the Ecumenical Temple.
  6243 | D:7      | XOM: divination: magic mapping
  6300 | D:7      | XOM: silly message
  6311 | D:7      | XOM: cast spell 'Dispersal'
  6366 | D:7      | HP: 3/73 [poisoned by a killer bee]
  6371 | D:7      | HP: 2/73 [poisoned by a killer bee]
  6378 | D:7      | HP: 2/73 [poisoned by a killer bee]
  6388 | D:7      | HP: 2/73 [poisoned by a killer bee]
  6391 | D:7      | XOM: cast spell 'Metabolic Englaciation'
  6493 | D:7      | XOM: divination: magic mapping
  6933 | D:7      | Reached XP level 10. HP: 62/79 MP: 7/7
  7042 | D:7      | XOM: confuse monster(s)
  7137 | D:7      | XOM: silly message
  7170 | D:7      | Found a glowing silver altar of Zin.
  7179 | D:7      | XOM: scenery: 2 doors close
  7306 | D:8      | XOM: cast spell 'Spider Form'
  7367 | D:8      | XOM: potion effect (might)
  7378 | D:8      | Reached skill level 8 in Fighting
  7728 | D:8      | Found a blossoming altar of Fedhas.
  7729 | D:8      | XOM: enchant monster (good)
  7732 | D:8      | XOM: summons friendly quasit
  7738 | D:8      | XOM: cast spell 'Ring of Flames'
  7738 | D:8      | Mangled by a wandering mushroom

Action                   |  1- 3 |  4- 6 |  7- 9 | 10-12 || total
-------------------------+-------+-------+-------+-------++-------
Melee: War axe           |    92 |   155 |   466 |   111 ||   824
       Unarmed           |       |       |       |    22 ||    22
Evoke: Wand              |       |     1 |     1 |       ||     2
  Use: Potion            |     1 |     4 |     8 |     1 ||    14
       Scroll            |       |    11 |     3 |     1 ||    15
 Stab: Confused          |       |       |     1 |     1 ||     2
  Eat: Chunk             |       |     5 |    11 |     3 ||    19
